 Dungeon Crawl Stone Soup version 0.30-a0-996-ga6910c8ee8 (webtiles) character file.

Game seed: 18377916427947597165

2067 vishdafish the Destroyer (level 9, 44/57 HPs)
             Began as a Demonspawn Conjurer on Apr 4, 2023.
             Was an Initiate of Vehumet.
             Quit the game on level 6 of the Dungeon.
             The game lasted 00:08:40 (7474 turns).

vishdafish the Destroyer (Demonspawn Conjurer)      Turns: 7474, Time: 00:08:41

Health: 44/57      AC:  3    Str:  9    XL:     9   Next: 5%
Magic:  2/19       EV: 12    Int: 23    God:    Vehumet [......]
Gold:   244        SH:  4    Dex: 11    Spells: 12/21 levels left

rFire   . . .      SeeInvis .    o - +2 dagger (flame)
rCold   . . .      Faith    .    (no shield)
rNeg    . . .      Spirit   .    a - +0 robe
rPois   .          Reflect  .    (helmet restricted)
rElec   .          Rampage  .    m - +0 cloak
rCorr   .                        (no gloves)
Will    .....                    (no boots)
Stlth   ++                       (no amulet)
HPRegen 1.29/turn                (no ring)
MPRegen 0.16/turn                (no ring)

@: no status effects
A: horns 1, large bone plates 1, powered by death 1, spiny 1
a: Renounce Religion


You were on level 6 of the Dungeon.
You worshipped Vehumet.
Vehumet was noncommittal.
You visited 1 branch of the dungeon, and saw 6 of its levels.

You collected 335 gold pieces.
You spent 91 gold pieces at shops.

Inventory:

Hand Weapons
 g - a +0 short sword
 o - a +2 dagger of flaming (weapon)
Armour
 a - a +0 robe (worn)
 m - a +0 cloak (worn)
 r - a +1 helmet
Jewellery
 l - an amulet of faith
Wands
 y - a wand of light (1)
Scrolls
 c - 2 scrolls of fear {unknown}
 e - a scroll of amnesia {unknown}
 h - 5 scrolls of teleportation {unknown}
 n - a scroll of silence {unknown}
 q - a scroll of noise {unknown}
 s - a scroll of immolation {unknown}
 t - a scroll of enchant armour {unknown}
 u - a scroll of poison {unknown}
 w - 3 scrolls of identify {unknown}
 A - a scroll of magic mapping {unknown}
Potions
 b - a potion of magic
 d - 5 potions of lignification {unknown}
 f - 4 potions of flight {unknown}
 i - 3 potions of brilliance
 j - 3 potions of curing
 k - 2 potions of mutation {unknown}
 p - 2 potions of invisibility {unknown}
 v - 2 potions of attraction {unknown}
 x - a potion of ambrosia {unknown}
 z - a potion of might {unknown}


   Skills:
 - Level 1.7 Dodging
 - Level 1.7 Stealth
 + Level 6.9 Spellcasting
 + Level 8.1 Conjurations
 - Level 4.1 Hexes
 - Level 4.0 Translocations


You had 12 spell levels left.
You knew the following spells:

 Your Spells              Type           Power      Damage    Failure   Level
a - Magic Dart            Conj           100%       1d8       1%          1
b - Fulminant Prism       Conj/Hex       18%        3d10      6%          4
c - Iskenderun's Mystic   Conj/Tloc      35%        2d8       6%          4

Your spell library contained the following spells:

 Spells                   Type           Power      Damage    Failure   Level
 Searing Ray              Conj           90%        2d7       1%          2
 Dazzling Flash           Conj/Hex       72%        N/A       1%          3
 Vhi's Electric Charge    Tloc/Air       34%        N/A       11%         3
 Arcjolt                  Conj/Air       13%        1d23      38%         5
 Summon Lightning Spire   Summ/Air       7%         N/A       61%         4
 Storm Form               Tmut/Air       3%         N/A       100%        7
 Maxwell's Capacitive Co  Air            3%         ∞         100%        8


Dungeon Overview and Level Annotations

Branches:
Dungeon (6/15)
 Temple: D:4-7

Altars:
Makhleb
Sif Muna
Vehumet

Shops:
D:3 !

Annotations:
D:6 3 runed translucent doors, senseless's ghost, novice OgRe


Innate Abilities, Weirdness & Mutations

You have a pair of small horns on your head.
You are partially covered in large bone plates. (SH +4)
You regenerate a little health from kills.
You are partially covered in sharp spines.


Message History

Confirm with . or Enter, or press ? or * to list all spells.
Aiming: Fulminant Prism (dangerous; 8% risk of failure)
Press: ? - help, Dir - move target You conjure a prism of explosive energy!
A fulminant prism comes into view.
You hear a loud crackle.
You hear an explosion!
You hear an angry growl.
Menkaure is nearby!
The magic dart hits Menkaure.
Menkaure is lightly damaged.
A black bear comes into view.
The magic dart hits Menkaure.
Menkaure is moderately damaged.
The magic dart hits Menkaure.
Menkaure is heavily damaged.
Menkaure casts a spell at you. Pain shoots through your body!
Casting: Magic Dart (safe; 1% risk of failure)
Confirm with . or Enter, or press ? or * to list all spells.
You erupt in a blast of force!
The mystic blast hits the black bear.
The black bear is moderately wounded.
The black bear is knocked back by the mystic blast.
The mystic blast hits Menkaure!
Menkaure is severely damaged.
Menkaure is knocked back by the mystic blast.
Casting: Iskenderun's Mystic Blast (dangerous; 8% risk of failure)
Confirm with . or Enter, or press ? or * to list all spells.
You erupt in a blast of force!
The mystic blast hits the black bear!
The black bear is severely wounded.
The black bear is knocked back by the mystic blast.
The mystic blast hits Menkaure!
You destroy Menkaure!
Vehumet accepts your kill.
Your Conjurations skill increases to level 8!
You have reached level 9!
Your experience leads to an increase in your attributes!
Increase (S)trength, (I)ntelligence, or (D)exterity?
You feel clever. x2; Your demonic ancestry asserts itself...
Sharp spines emerge from parts of your body.
Are you sure you want to abandon this character and quit the game? (Confirm with "yes".)

######## .......#
.......#####
...........##
++###...###.###########.#
....#...# #.....@..>.h..#
$...#...###.###.###.#####
.#.z#......## #.# #.#
..#s#..##### #.# #*#
.#..#..# #.# #.#
?...#..### #.. ...
....#....# ### #..
#####..#..# #M.
.......##.# #..#


You could see a black bear.

Vanquished Creatures
  Pikel (D:5)
  Grinder (D:3)
  Menkaure (D:6)
  A black bear (D:6)
  2 ogres (D:4)
  A centaur (D:6)
  4 lemures (D:5)
  A bullfrog (D:6)
  A scorpion (D:5)
  4 wights (D:6)
  A jelly (D:4)
  An orc priest (D:6)
  3 hounds
  Jessica (D:3)
  5 orc wizards
  2 iguanas (D:5)
  9 gnolls
  6 adders
  2 shadow imps
  3 worms
  2 dart slugs
  12 orcs
  3 ball pythons
  5 bats
  13 endoplasms
  3 giant cockroaches
  7 goblins
  5 hobgoblins
  2 jackals (D:3)
  3 quokkas
  5 frilled lizards
  8 kobolds
  6 rats
124 creatures vanquished.

Vanquished Creatures (others)
  5 fulminant prisms
5 creatures vanquished.

Grand Total: 129 creatures vanquished

Notes
Turn   | Place    | Note
-------+----------+-------------------------------------------
     0 | D:1      | vishdafish the Demonspawn Conjurer began the quest for the
                  | Orb.
     0 | D:1      | Reached XP level 1. HP: 13/13 MP: 3/3
   170 | D:1      | Gained mutation: You are partially covered in large bone
                  | plates. (SH +4) [demonic ancestry]
   170 | D:1      | Reached XP level 2. HP: 19/19 MP: 1/5
   970 | D:2      | Reached XP level 3. HP: 24/24 MP: 1/7
  1403 | D:3      | Reached XP level 4. HP: 12/30 MP: 0/8
  1609 | D:2      | Reached skill level 5 in Conjurations
  1749 | D:2      | Gained mutation: You regenerate a little health from kills.
                  | [demonic ancestry]
  1749 | D:2      | Reached XP level 5. HP: 14/35 MP: 1/10
  2253 | D:3      | Found Ceraed's Distillery.
  2286 | D:3      | Bought a potion of brilliance for 52 gold pieces
  2286 | D:3      | Bought a potion of curing for 39 gold pieces
  2405 | D:3      | Noticed Grinder
  2415 | D:2      | Learned a level 4 spell: Fulminant Prism
  2420 | D:2      | Learned a level 4 spell: Iskenderun's Mystic Blast
  2519 | D:4      | Noticed an ogre
  2527 | D:4      | Killed an ogre
  2528 | D:4      | Reached skill level 1 in Hexes
  2528 | D:4      | Reached skill level 1 in Translocations
  2710 | D:4      | Reached XP level 6. HP: 41/41 MP: 5/12
  3874 | D:5      | Entered Level 5 of the Dungeon
  4658 | D:3      | Noticed Jessica
  4661 | D:3      | Killed Jessica
  4662 | D:3      | Reached XP level 7. HP: 46/46 MP: 9/13
  4750 | D:3      | Killed Grinder
  6416 | D:5      | Reached skill level 6 in Conjurations
  6592 | D:5      | Noticed Pikel
  6609 | D:5      | Killed Pikel
  6610 | D:5      | Reached skill level 5 in Spellcasting
  6610 | D:5      | Reached skill level 7 in Conjurations
  6610 | D:5      | Gained mutation: You have a pair of small horns on your
                  | head. [demonic ancestry]
  6610 | D:5      | Reached XP level 8. HP: 31/52 MP: 0/16
  7099 | D:6      | Found a burning altar of Makhleb.
  7102 | D:6      | Found a radiant altar of Vehumet.
  7114 | D:6      | Became a worshipper of Vehumet
  7186 | D:6      | Found a shimmering blue altar of Sif Muna.
  7404 | D:6      | Found a runed translucent gate.
  7406 | D:6      | Found a runed translucent gate.
  7407 | D:6      | Found a runed translucent gate.
  7411 | D:6      | Noticed senseless's ghost (novice OgRe)
  7454 | D:6      | Noticed Menkaure
  7473 | D:6      | Killed Menkaure
  7474 | D:6      | Reached skill level 8 in Conjurations
  7474 | D:6      | Gained mutation: You are partially covered in sharp spines.
                  | [demonic ancestry]
  7474 | D:6      | Reached XP level 9. HP: 44/57 MP: 2/19
  7474 | D:6      | Quit the game

Illustrated notes

Levels and vault maps discovered:
D:1:      shiori_arrival_elements, layout_rooms
D:2:      layout_basic
D:3:      layout_basic, serial_shops, nicolae_shop_trees,
          mrwooster_statue_mirror, uniq_jessica, uniq_grinder
D:4:      layout_basic, amethyst_killhole
D:5:      layout_basic, mainiacjoe_overflow_six_doors_small, uniq_pikel
D:6:      layout_loops_ring, grunt_temple_overflow_diamond,
          minmay_temple_entry_drinking_statues, gammafunk_ghost_split,
          uniq_menkaure

Skill      XL: |  1  2  3  4  5  6  7  8 |
---------------+-------------------------+-----
Spellcasting   | 3 4 5 6 |  6.9
Conjurations   | 5 7 8 |  8.1
Hexes          | 1 3 4 |  4.1
Translocations | 1 3 4 |  4.0
Dodging        | |  1.7
Stealth        | |  1.7

Action                     |  1- 3 |  4- 6 |  7- 9 || total
---------------------------+-------+-------+-------++-------
  Melee: Unarmed           |     4 |       |       ||     4
         Short sword       |     3 |       |       ||     3
         Punch             |     1 |       |     1 ||     2
         Dagger            |       |    10 |    36 ||    46
         Headbutt          |       |       |     1 ||     1
   Cast: Magic Dart        |    70 |   148 |   112 ||   330
         Iskenderun's Myst |       |       |    16 ||    16
         Fulminant Prism   |       |       |     5 ||     5
  Evoke: Wand              |       |       |     2 ||     2
   Stab: Invisible         |       |       |     1 ||     1
 Armour: Robe              |     2 |     3 |    13 ||    18
  Dodge: Dodged            |     7 |    19 |    37 ||    63
  Block: Other             |     1 |     3 |    11 ||    15

Table legend: (Time is in decaauts)
 A = Elapsed time spent in this place.
 B = Non-inter-level travel time spent in this place.
 C = Inter-level travel time spent in this place.
 D = Time resting spent in this place.
 E = Time spent auto-exploring this place.
 F = Levels seen in this place.
 G = Mean time per level.
                   A        B        C        D        E       F      G
               +--------+--------+--------+--------+--------+-----+--------+
         Total |   7477 |   7235 |    242 |     89 |   6407 |   6 | 1246.2 |
       Dungeon |   7477 |   7235 |    242 |     89 |   6407 |   6 | 1246.2 |
               +--------+--------+--------+--------+--------+-----+--------+

Top non-repeatable levels by time:
     D:5: 1765 daAuts
     D:4: 1511 daAuts
     D:3: 1444 daAuts
     D:2: 1324 daAuts
     D:1: 832 daAuts
     D:6: 599 daAuts
